 Dungeon Crawl Stone Soup version 0.30.0-29-ga12c61a403 (webtiles) character file.

Game seed: 14456842517082450659

114 cheesebisquit the Insei (level 4, 0/33 HPs)
             Began as a Merfolk Transmuter on June 24, 2023.
             Slain by Sigmund
             ... wielding a +3 scythe of venom
              (5 damage)
             ... on level 2 of the Dungeon.
             The game lasted 00:06:00 (1651 turns).

cheesebisquit the Insei (Merfolk Transmuter)        Turns: 1651, Time: 00:06:00

Health: 0/33       AC:  2    Str: 10    XL:     4   Next: 97%
Magic:  7/7        EV: 13    Int: 14    God:
Gold:   136        SH:  0    Dex: 14    Spells: 5/8 levels left

rFire   . .          .
                       - Unarmed
rCold   . . .        (no shield)
rNeg    . . .        a - +0 robe
rPois   .            (helmet currently unavailable)
rElec   .            (no cloak)
rCorr   .            (no gloves)
SInv    .            (boots currently unavailable)
Will    .....        k - amulet of magic regeneration
Stlth   +            (no ring)
HPRegen 0.25/turn    (no ring)
MPRegen 0.50/turn

%: no passive effects
@: lethally poisoned (0 -> -5), appendages, attractive
A: horns 2, (nimble swimmer 2), mertail
a: End Transformation


You were on level 2 of the Dungeon.
You had temporarily grown beastly horns.
You visited 1 branch of the dungeon, and saw 2 of its levels.

You collected 136 gold pieces.

Inventory:

Hand Weapons
 b - the +2 sling of the New World {heavy, Will- Str+5 Dex+3}
   (You found it on level 2 of the Dungeon)

   Str:       It affects your strength (+5).
   Dex:       It affects your dexterity (+3).
   Will:      It decreases your willpower.
 f - a +0 falchion of flaming
Missiles
 e - 13 poisoned darts
Armour
 a - a +0 robe (worn)
Jewellery
 h - an amulet of faith
 j - a ring of ice
 k - an amulet of magic regeneration (around neck)
Scrolls
 c - a scroll of torment {unknown}
 d - a scroll of enchant armour {unknown}
 g - a scroll of identify {unknown}
 i - a scroll of butterflies {unknown}
 l - a scroll of fear {unknown}
 n - a scroll of teleportation {unknown}
Potions
 o - a potion of lignification


   Skills:
 + Level 2.2 Fighting
 + Level 3.6 Dodging
 * Level 4.3 Unarmed Combat
 + Level 2.6 Spellcasting
 + Level 3.5 Transmutations


You had 5 spell levels left.
You knew the following spells:

 Your Spells              Type           Power      Damage    Failure   Level
a - Beastly Appendage     Tmut           22%        N/A       5%          1
b - Wereblood             Tmut           11%        N/A       8%          2

Your spell library contained the following spells:

 Spells                   Type           Power      Damage    Failure   Level
 Spider Form              Tmut/Pois      6%         N/A       32%         3
 Ice Form                 Ice/Tmut       6%         N/A       73%         4


Dungeon Overview and Level Annotations

Branches:
Dungeon (2/15)

Altars:

Annotations:
D:2 Sigmund


Innate Abilities, Weirdness & Mutations

You have temporarily grown beastly horns.
((You are very nimble when in or above water. (Stealth+, EV+, Speed+++)))
Your lower body shifts to a powerful aquatic tail in water.


Message History

You kill the bat!
No target in view!
No target in view!
Your transformation is almost over.
Your horns disappear.
There is a stone staircase leading down here.
Sigmund the Dreaded comes into view.
He is wielding a +3 scythe of venom.
Sigmund shouts!
Sigmund casts a spell at you. The magic dart hits you.
Okay, then.
A dart slug comes into view.
Sigmund casts a spell at you. You resist with some effort.
You grow a pair of large bovine horns.
Okay, then.
Sigmund gestures wildly while chanting.
Sigmund flickers and vanishes!
Deactivating autopickup; reactivate with Ctrl-A.
You closely miss something. You headbutt something.
You hear some strange, mumbled words.
A magic dart appears from out of thin air!
The magic dart hits you.
You barely miss something. Something hits you.
You are poisoned.
It was a potion of attraction.
You feel attractive to monsters.
You feel very sick.
You hit something. You headbutt something.
You feel sick.
You hear some strange, mumbled words.
Something tries to affect you, but you resist.
You hit something. Your headbutt misses something.
You feel sick.
You hear some strange, mumbled words.
A magic dart appears from out of thin air!
The magic dart hits you.
* * * LOW HITPOINT WARNING * * *
You miss something.
* * * LOW HITPOINT WARNING * * *
You feel sick. Something hits you.
You die...

......#...#.# #.#.# #..
.........##.# #.#.# #.# #
#####.##.##.###.#.# #.# .#
#.##.......†..# #.# ..#
#.#####.###.#.####.####..#
#.# #.###.#.#.......@..###
.#####.......>.............
w......##########.#######
#####...@{.......#
##############


There were no monsters in sight!

Vanquished Creatures
  Natasha (thrice) (D:2)
  4 worms (D:2)
  A dart slug (D:1)
  2 ball pythons
  3 endoplasms (D:1)
  2 giant cockroaches (D:1)
  A goblin (D:1)
  A hobgoblin (D:1)
  A kobold (D:2)
  A quokka (D:1)
  7 bats
  2 rats
28 creatures vanquished.

Notes
Turn   | Place    | Note
-------+----------+-------------------------------------------
     0 | D:1      | cheesebisquit the Merfolk Transmuter began the quest for
                  | the Orb.
     0 | D:1      | Reached XP level 1. HP: 15/15 MP: 3/3
   126 | D:1      | Reached XP level 2. HP: 8/21 MP: 5/5
   863 | D:1      | Learned a level 2 spell: Wereblood
   965 | D:2      | Noticed Natasha
   974 | D:2      | Killed Natasha
   975 | D:2      | Reached XP level 3. HP: 16/27 MP: 6/6
  1066 | D:2      | Identified the +2 sling of the New World {heavy, Will-
                  | Str+5 Dex+3}
  1159 | D:2      | Reached skill level 4 in Unarmed Combat
  1205 | D:2      | Reached XP level 4. HP: 33/33 MP: 7/7
  1441 | D:2      | Noticed Natasha
  1453 | D:2      | Killed Natasha
  1542 | D:2      | Noticed Natasha
  1552 | D:2      | Killed Natasha
  1632 | D:2      | Noticed Sigmund
  1651 | D:2      | Slain by Sigmund

Illustrated notes

Levels and vault maps discovered:
D:1:      ebering_trefoil_twist, layout_basic
D:2:      layout_loops_ring, basic_altar, nicolae_wormholes, uniq_natasha,
          uniq_sigmund

Skill      XL: |  1  2  3  4 |
---------------+-------------+-----
Dodging        | 3 |  3.6
Transmutations | 3 |  3.5
Unarmed Combat | 4 |  4.3
Fighting       | 2 |  2.2
Spellcasting   | |  2.6

Action                     |  1- 3 |  4- 6 || total
---------------------------+-------+-------++-------
  Melee: Unarmed           |    56 |    30 ||    86
         Headbutt          |     9 |     3 ||    12
         Punch             |     2 |     3 ||     5
   Fire: Sling             |    13 |     5 ||    18
   Cast: Beastly Appendage |    18 |     6 ||    24
    Use: Potion            |       |     1 ||     1
   Stab: Sleeping          |     1 |       ||     1
 Armour: Robe              |    26 |     4 ||    30
  Dodge: Dodged            |    58 |    21 ||    79
